 Dungeon Crawl Stone Soup version 0.27.1-3-gb3d3a73c9e (webtiles) character file.

Game seed: 16031533987478923114

210 loralnil the Insei (level 5, -1/40 HPs)
             Began as a Draconian Transmuter on Oct 5, 2021.
             Succumbed to a scorpion's poison
             ... on level 3 of the Dungeon.
             The game lasted 00:05:32 (4012 turns).

loralnil the Insei (Draconian Transmuter)           Turns: 4012, Time: 00:05:32

Health: -1/40      AC:  5    Str: 12    XL:     5   Next: 56%
Magic:  8/8        EV: 12    Int: 14    God:
Gold:   163        SH:  0    Dex: 12    Spells: 2/8 levels left

rFire    + . .     SeeInvis .     - Unarmed
rCold    . . .     Faith    .   (no shield)
rNeg     + . .     Spirit   .   (armour unavailable)
rPois    .         Reflect  .   (helmet currently unavailable)
rElec    .         Harm     .   (no cloak)
rCorr    .         Rampage  .   (no gloves)
Will     .....                  (boots currently unavailable)
Stlth    +.........             (no amulet)
HPRegen  0.13/turn              b - ring of positive energy
MPRegen  0.11/turn              f - ring of protection from fire

@: lethally poisoned (-1 -> -15), appendages
A: horns 2, talons 2, AC +5, unfitting armour, cold-blooded
a: End Transformation


You were on level 3 of the Dungeon.
You had temporarily grown beastly horns and talons.
You visited 1 branch of the dungeon, and saw 3 of its levels.

You collected 163 gold pieces.

Inventory:

Jewellery
 b - a ring of positive energy (left hand)
 f - a ring of protection from fire (right hand)
Scrolls
 a - a scroll of teleportation
 d - a scroll of fear {unknown}
 h - a scroll of blinking {unknown}
 i - a scroll of identify {unknown}
Potions
 c - a potion of curing {unknown}
 e - a potion of haste {unknown}
 g - a potion of heal wounds {unknown}
 j - a potion of berserk rage {unknown}
 k - a potion of lignification {unknown}


   Skills:
 - Level 1.4 Fighting
 - Level 2.0 Dodging
 * Level 4.9 Unarmed Combat
 - Level 2.1 Spellcasting
 + Level 3.3 Transmutations
 - Level 2.0 Poison Magic


You had 2 spell levels left.
You knew the following spells:

 Your Spells              Type           Power      Damage    Failure   Level
a - Beastly Appendage     Tmut           20%        N/A       6%          1
b - Wereblood             Tmut           10%        N/A       9%          2
c - Spider Form           Tmut/Pois      4%         N/A       24%         3

Your spell library contained the following spells:

 Spells                   Type           Power      Damage    Failure   Level
 Passwall                 Tmut/Erth      5%         N/A       19%         2
 Sandblast                Erth           2%         2d4       24%         1
 Ice Form                 Ice/Tmut       6%         N/A       75%         4
 Lee's Rapid Deconstruct  Erth           0%         3d5*      100%        5


Dungeon Overview and Level Annotations

Branches:
Dungeon (3/15)

Altars:


Innate Abilities, Weirdness & Mutations

You have temporarily grown beastly horns and talons.
Your plain brown scales are hard. (AC +5)
You cannot fit into any form of body armour.
You are cold-blooded and may be slowed by cold attacks.


Message History

You grow a pair of large bovine horns.
Your feet morph into talons.
The scorpion stings you. The scorpion stings you!
You hit the scorpion.
You tail-slap the scorpion, but do no damage.
The scorpion is lightly wounded.
The scorpion stings you.
You are poisoned.
The scorpion poisons you!
You hit the scorpion.
You claw the scorpion, but do no damage.
The scorpion is lightly wounded.
You feel sick. The scorpion stings you.
You barely miss the scorpion. You claw the scorpion.
The scorpion is heavily wounded.
You feel sick. The scorpion stings you.
You closely miss the scorpion.
You claw the scorpion, but do no damage.
The scorpion is heavily wounded.
You feel sick.
The scorpion stings you but does no damage.
You barely miss the scorpion. Your headbutt misses the scorpion.
The scorpion is heavily wounded.
You feel sick. The scorpion stings you.
You barely miss the scorpion.
You headbutt the scorpion, but do no damage.
The scorpion is heavily wounded.
You feel sick. The scorpion misses you.
You hit the scorpion. Your kick misses the scorpion.
The scorpion is heavily wounded.
You feel sick. The scorpion closely misses you.
You hit the scorpion but do no damage.
The scorpion is heavily wounded.
You feel sick. The scorpion stings you.
* * * LOW HITPOINT WARNING * * *
You are lethally poisoned!
The scorpion poisons you! The scorpion stings you!
* * * LOW HITPOINT WARNING * * *
You hit the scorpion.
The scorpion is almost dead.
You die...

#+# #.# #.#### ##.#..
##....# #.....#
##.###....#####
.......@s......
##.####.#.##### #.# ..
#.# ## #.# #.# #######
#.# #.....# #.#
#.#######
###############.####.#
.#


You could see a scorpion.

Vanquished Creatures
  A centaur zombie (D:3)
  An orc wizard (D:3)
  3 gnolls
  6 adders
  7 orcs (D:3)
  4 ball pythons
  5 endoplasms
  5 giant cockroaches
  5 goblins
  3 hobgoblins (D:1)
  6 jackals
  3 quokkas (D:1)
  7 bats
  3 frilled lizards
  3 kobolds
  4 rats
66 creatures vanquished.

Notes
Turn   | Place    | Note
-------+----------+-------------------------------------------
     0 | D:1      | loralnil the Draconian Transmuter began the quest for the
                  | Orb.
     0 | D:1      | Reached XP level 1. HP: 16/16 MP: 3/3
   223 | D:1      | Reached XP level 2. HP: 20/23 MP: 3/5
   283 | D:1      | Learned a level 2 spell: Wereblood
   764 | D:1      | Found a faded altar of an unknown god.
   961 | D:1      | Reached XP level 3. HP: 26/28 MP: 4/6
   965 | D:1      | Learned a level 3 spell: Spider Form
  1809 | D:2      | Reached skill level 4 in Unarmed Combat
  1809 | D:2      | Reached skill level 1 in Poison Magic
  1809 | D:2      | Reached XP level 4. HP: 35/35 MP: 5/7
  2959 | D:3      | Reached XP level 5. HP: 39/40 MP: 8/8
  4011 | D:3      | HP: 2/40 [scorpion (7)]
  4012 | D:3      | Succumbed to a scorpion's poison

Illustrated notes

Levels and vault maps discovered:
D:1:      eino_arrival_druids_welcome, layout_basic,
          shapermc_ecumenical_altar_petra, minmay_liquid_box, minmay_unequal
D:2:      layout_basic
D:3:      layout_loops_corners, grunt_decor_junction, kennysheep_flooded_box,
          kennysheep_another_room

Skill      XL: |  1  2  3  4  5 |
---------------+----------------+-----
Dodging        | 2 |  2.0
Unarmed Combat | 4 |  4.9
Poison Magic   | 1 2 |  2.0
Transmutations | 3 |  3.3
Fighting       | |  1.4
Spellcasting   | |  2.1

Action                   |  1- 3 |  4- 6 || total
-------------------------+-------+-------++-------
Melee: Unarmed           |    99 |   134 ||   233
       Headbutt          |    12 |    13 ||    25
       Tailslap          |     9 |    12 ||    21
       Kick              |    10 |    17 ||    27
       Punch             |       |     3 ||     3
 Cast: Beastly Appendage |    29 |    24 ||    53
  Use: Scroll            |       |     1 ||     1
 Stab: Sleeping          |       |     1 ||     1
Armor: Skin              |    32 |    43 ||    75
Dodge: Dodged            |    73 |    74 ||   147
